cohdb
Replays
Latest Replays
All Replays
Popular Replays
Top Player Replays
Match Explorer
How It Works
Community
CoH3 Stats
Reddit
Sign in to upload your games and track your stats! →
Sign in with Steam
Match 43004973
Unlisted
Match 43004973
Overview
Messages
Build Orders
End
Construct Barracks
Riflemen Squad
Riflemen Squad
M1 Mortar Team
Selects Advanced Infantry Battlegroup
Selects Convert to Ranger Squad
Convert to Ranger Squad
Construct Medical Station
Selects Frontline Medical Station
Frontline Medical Station
Infantry Support Center
Ranger Squad
Construct Motor Pool
Selects Artillery Observers
Advanced Logistics
Survival Training
M1 Anti-tank Gun Team
Convert to Ranger Squad
M1 Anti-tank Gun Team
Selects Ranger Weapon Training
Engineer Squad
Selects M2A1 105mm Howitzer Emplacement
Ranger Squad
Construct Weapon Support Center
Ranger Squad
Phoenix0928
Portable_Excel
376960781
rng梦之泪伤
iceman
DARTH DOG
HAppyDog1
An orange
0
0
Comments
sign in to comment!
No comments posted yet!